cohdb
Replays
Latest Replays
All Replays
Popular Replays
Top Player Replays
Match Explorer
How It Works
Community
CoH3 Stats
Reddit
Sign in to upload your games and track your stats! →
Sign in with Steam
Match 35996212
Unlisted
Match 35996212
Overview
Messages
Build Orders
End
Construct Section Command Post
Selects Heavy Armor Battlegroup
Vickers Machine Gun Team
Infantry Section
Infantry Section
Infantry Section
Construct Field Infirmary
Construct Platoon Command Post
6-pounder Anti-tank Gun Team
Vickers Machine Gun Team
Construct Company Command Post
Royal Engineer Section
Selects Rigorous Vehicle Training
Selects Crusader AA Medium Tank
Crusader AA Medium Tank
Royal Engineer Section
Foot Guards Section
ML 3-inch Mortar Team
Selects Churchill Black Prince Heavy Tank
Selects Churchill Black Prince Heavy Tank
Churchill Black Prince Heavy Tank
Foot Guards Section
Foot Guards Section
LOWRANK
Yaas
AA_nana_yuri
JD89
Mechanized
kiven
0
0
Comments
sign in to comment!
No comments posted yet!